 Dungeon Crawl Stone Soup version 0.20.1-1-g8b1a95d (webtiles) character file.

206 Kingsmith the Ducker (level 5, -1/45 HPs)
             Began as a Ghoul Monk on Dec 7, 2017.
             Slain by a worker ant (4 damage)
             ... on level 4 of the Dungeon.
             The game lasted 00:04:56 (2815 turns).

Kingsmith the Ducker (Ghoul Monk)                   Turns: 2815, Time: 00:04:57

Health: -1/45      AC:  3    Str: 15    XL:     5   Next: 84%
Magic:  4/4        EV: 15    Int:  5    God:
Gold:   157        SH:  0    Dex: 12    Spells: 4/4 levels left

rFire    . . .     SeeInvis .     - Unarmed
rCold    + . .     Gourm    .   (no shield)
rNeg     + + +     Faith    .   a - +0 robe
rPois    ∞         Spirit   .   (no helmet)
rElec    .         Reflect  .   (no cloak)
rCorr    .         Harm     .   (no gloves)
MR       .....                  g - +0 pair of boots
Stlth    ++........             (no amulet)
Regen    0.0/turn               (no ring)
MPRegen  0.1/turn               (no ring)

@: rotting
A: rotting body, claws 1, carnivore 3, cold resistance 1, negative energy
resistance 3, inhibited regeneration, torment resistance, unbreathing
a: no special abilities


You were on level 4 of the Dungeon.
You were not hungry.

You visited 1 branch of the dungeon, and saw 4 of its levels.

You collected 157 gold pieces.

Inventory:

Armour
 a - a +0 robe (worn)
 f - a cursed +0 leather armour
 g - a +0 pair of boots (worn)
Jewellery
 m - an uncursed ring of stealth {unknown}
 t - a +2 ring of evasion {unknown}
Wands
 q - a wand of paralysis (19/24)
Scrolls
 c - 9 scrolls of identify {unknown}
 d - 2 scrolls of enchant armour {unknown}
 h - 2 scrolls of teleportation {unknown}
 j - a scroll of fog {unknown}
 l - 2 scrolls of noise {unknown}
 o - 2 scrolls of remove curse {unknown}
 s - a scroll of magic mapping {unknown}
 v - a scroll of recharging {unknown}
Potions
 e - 3 potions of curing {unknown}
 k - a potion of might {unknown}
 n - a potion of lignification {unknown}
 p - a potion of haste {unknown}
 r - 2 potions of heal wounds {unknown}
Books
 u - a book of Misfortune

   Spells                             Type                      Level
   a - Confusing Touch                Hexes                        1
   b - Confuse                        Hexes                        3
   c - Gell's Gravitas                Translocation                3
   d - Petrify                        Transmutation/Earth          4
   e - Metabolic Englaciation         Hexes/Ice                    5
   f - Yara's Violent Unravelling     Hexes/Transmutation          5
Comestibles
 b - 3 meat rations


   Skills:
 - Level 3.2 Fighting
 + Level 5.7 Dodging
 - Level 2.1 Stealth
 - Level 3.2 Unarmed Combat


You had 4 spell levels left.
You didn't know any spells.

Dungeon Overview and Level Annotations

Branches:
Dungeon (4/15)
 Temple: D:4-7

Altars:
Dithmenos
Qazlal
Zin


Innate Abilities, Weirdness & Mutations

Your body is rotting away.
You thrive on raw meat.
You are immune to poison.
You have sharp fingernails.
You are carnivorous and can eat meat at any time.
Your flesh is cold resistant. (rC+)
You are immune to negative energy. (rN+++)
You do not regenerate when monsters are visible.
You are immune to unholy pain and torment.
You can survive without breathing.


Message History

The floor.
Reduced exclusion size to a single square.
Removed exclusion.
Eat a chunk of flesh? (ye/n/q)
You eat the chunk of flesh.
This raw flesh tastes great!
The worker ant closely misses you. The adder closely misses you.
Okay, then.
You scratch the adder.
The adder is moderately wounded.
The worker ant misses you. The adder misses you.
You scratch the adder.
The adder is severely wounded.
The adder barely misses you. The worker ant misses you. The adder bites you.
* * * LOW HITPOINT WARNING * * *
The worker ant bites you.
* * * LOW HITPOINT WARNING * * *
You scratch the adder.
You kill the adder!
The worker ant bites you.
You die...

.............
.#.........# ..........#
#.........# #........!#.
#........).. ###
#.........# #..
###..a......# #.#
#....@......# #.#
#.#.........#
###.####.##.......##
#####...................
#...............(.....###
#####.....<.....#####.#
#####............. ...
#..............##. ..
################ #


You could see a worker ant.

Vanquished Creatures
  A worker ant (D:4)
  9 adders
  An ooze (D:2)
  2 worms (D:3)
  3 dart slugs
  2 orcs (D:3)
  A ball python (D:2)
  9 giant cockroaches
  6 goblins
  10 hobgoblins
  7 jackals
  9 kobolds
  A quokka (D:3)
  8 bats
  4 frilled lizards
  10 rats
83 creatures vanquished.

Notes
Turn   | Place    | Note
-------+----------+-------------------------------------------
     0 | D:1      | Kingsmith the Ghoul Monk began the quest for the Orb.
     0 | D:1      | Reached XP level 1. HP: 19/19 MP: 0/0
    40 | D:1      | Reached skill level 3 in Dodging
   140 | D:1      | Reached XP level 2. HP: 16/26 MP: 1/1
   718 | D:1      | Reached XP level 3. HP: 31/31 MP: 2/2
  1327 | D:2      | Found a stormy altar of Qazlal.
  1351 | D:2      | Reached skill level 4 in Dodging
  1479 | D:2      | Reached XP level 4. HP: 26/38 MP: 3/3
  1987 | D:3      | Reached skill level 5 in Dodging
  2022 | D:3      | Reached XP level 5. HP: 42/45 MP: 4/4
  2082 | D:3      | Found a shadowy altar of Dithmenos.
  2478 | D:3      | Found a glowing silver altar of Zin.
  2815 | D:4      | Slain by a worker ant

Skill      XL: |  1  2  3  4 |
---------------+-------------+-----
Dodging        | 3 4 5 |  5.7
Fighting       | |  3.2
Stealth        | |  2.1
Unarmed Combat | |  3.2

Action                   |  1- 3 |  4- 6 || total
-------------------------+-------+-------++-------
Melee: Unarmed           |   120 |   210 ||   330
       Punch             |     3 |     3 ||     6
 Stab: Sleeping          |     5 |     3 ||     8
  Eat: Chunk             |    14 |    22 ||    36
Armor: Robe              |    16 |    41 ||    57
Dodge: Dodged            |    73 |   181 ||   254
